 Dungeon Crawl Stone Soup version 0.26-a0-393-g67388ea477 (webtiles) character file.

Game seed: 10870669015395968677

95 KristoblXynda the Slasher (level 4, 0/38 HPs)
             Began as a Draconian Gladiator on July 22, 2020.
             Was an Initiate of Ashenzari.
             Slain by a sky beast (5 damage)
             ... on level 3 of the Dungeon.
             The game lasted 00:02:50 (2319 turns).

KristoblXynda the Slasher (Draconian Gladiator)     Turns: 2319, Time: 00:02:51

Health: 0/38       AC:  9    Str: 16    XL:     4   Next: 39%
Magic:  4/4        EV: 13    Int: 10    God:    Ashenzari [......]
Gold:   92         SH:  0    Dex: 12    Spells: 3/3 levels left

rFire    . . .     SeeInvis .   a - +0 long sword
rCold    . . .     Faith    .   (no shield)
rNeg     . . .     Spirit   .   (armour unavailable)
rPois    +         Reflect  .   b - +0 hat
rElec    .         Harm     .   (no cloak)
rCorr    .                      (no gloves)
MR       .....                  (no boots)
Stlth    +.........             (no amulet)
HPRegen  0.12/turn              g - ring of poison resistance
MPRegen  0.09/turn              m - +4 ring of protection (curse)

@: no status effects
A: unfitting armour, cold-blooded, AC +5
a: Curse Item, Renounce Religion


You were on level 3 of the Dungeon.
You worshipped Ashenzari.
Ashenzari was noncommittal.
You visited 1 branch of the dungeon, and saw 3 of its levels.

You collected 92 gold pieces.

Inventory:

Hand Weapons
 a - a +0 long sword (weapon)
 r - a +0 dagger of venom
Missiles
 c - 3 throwing nets (quivered)
Armour
 b - a +0 hat (worn)
Jewellery
 g - a ring of poison resistance (left hand)
 m - a cursed +4 ring of protection (right hand)
 s - an uncursed ring of positive energy
Scrolls
 e - a scroll of amnesia {unknown}
 f - 2 scrolls of teleportation
 h - a scroll of immolation {unknown}
 j - a scroll of identify {unknown}
 l - a scroll of enchant weapon {unknown}
 o - a scroll of fog {unknown}
 v - a scroll of magic mapping {unknown}
Potions
 d - a potion of degeneration {unknown}
 i - a potion of haste {unknown}
 k - a potion of lignification {unknown}
 n - a potion of invisibility
 p - 2 potions of curing {unknown}
 t - a potion of flight {unknown}
 u - a potion of stabbing {unknown}
 w - a potion of brilliance {unknown}


   Skills:
 + Level 3.0 Fighting
 * Level 4.2 Long Blades
 - Level 2.0 Throwing
 + Level 3.3 Dodging


You had 3 spell levels left.
You didn't know any spells.
Your spell library was empty.

Dungeon Overview and Level Annotations

Branches:
Dungeon (3/15)

Altars:
Ashenzari
Uskayaw


Innate Abilities, Weirdness & Mutations

Your plain brown scales are hard. (AC +5)
You cannot fit into any form of body armour.
You are cold-blooded and may be slowed by cold attacks.


Message History

The sky beast is severely wounded.
The sky beast hits you but does no damage.
You hit the sky beast.
The sky beast is severely wounded.
The sky beast hits you but does no damage.
You barely miss the sky beast.
The sky beast is severely wounded.
The sky beast hits you but does no damage.
The sky beast flickers out of sight!
Deactivating autopickup; reactivate with Ctrl-A.
Something hits you. Something shocks you.
* * * LOW HITPOINT WARNING * * *
A sky beast appears from thin air!
Reactivating autopickup.
You closely miss the sky beast.
The sky beast is severely wounded.
The sky beast hits you.
* * * LOW HITPOINT WARNING * * *
The sky beast shocks you.
You die...

#### ..#
#.#####.#
#.......#
#.#.###.######
#....†....[..#
......(#.####.#
##....##.# #@#
#.... ..# #Y#
###. #### #§#
#. #.###### #
#......#
######.# ## #.#
##.# #.#
####...##.#


You could see a sky beast.

Vanquished Creatures
  3 adders (D:2)
  A worm (D:2)
  3 dart slugs (D:1)
  4 orcs (D:2)
  12 bats
  11 goblins
  9 hobgoblins
  2 jackals (D:1)
  2 kobolds
  3 frilled lizards
  A rat (D:1)
51 creatures vanquished.

Notes
Turn   | Place    | Note
-------+----------+-------------------------------------------
     0 | D:1      | KristoblXynda the Draconian Gladiator began the quest for
                  | the Orb.
     0 | D:1      | Reached XP level 1. HP: 17/17 MP: 1/1
   376 | D:1      | Reached XP level 2. HP: 16/24 MP: 2/2
   915 | D:1      | Reached XP level 3. HP: 24/30 MP: 3/3
  1337 | D:2      | Found a hide-covered altar of Uskayaw.
  1359 | D:2      | Reached skill level 4 in Long Blades
  1557 | D:2      | Reached XP level 4. HP: 36/37 MP: 4/4
  2093 | D:2      | Found a shattered altar of Ashenzari.
  2159 | D:2      | Became a worshipper of Ashenzari the Shackled
  2283 | D:3      | Noticed a sky beast
  2319 | D:3      | Slain by a sky beast

Illustrated notes

Levels and vault maps discovered:
D:1:      minmay_arrival_three_doors, layout_basic, minmay_pentomino_q2
D:2:      layout_basic, eat_drink_and_be_merry_uskayaw, chequers_mini_garden,
          nicolae_ashenzari_panopticon
D:3:      layout_loops_corners, okawaru_trees_2, uniq_robin

Skill      XL: |  1  2  3  4 |
---------------+-------------+-----
Throwing       | 2 |  2.0
Dodging        | 3 |  3.3
Long Blades    | 4 |  4.2
Fighting       | 3 |  3.0

Action                   |  1- 3 |  4- 6 || total
-------------------------+-------+-------++-------
Melee: Long sword        |    97 |    54 ||   151
       Tailslap          |    14 |     4 ||    18
       Dagger            |     2 |       ||     2
Invok: Curse Item        |       |     1 ||     1
  Use: Scroll            |       |     1 ||     1
 Stab: Sleeping          |       |     1 ||     1
Armor: Skin              |    34 |    26 ||    60
Dodge: Dodged            |    93 |    23 ||   116
       Rpst.: Long sword |    31 |     6 ||    37

Table legend: (Time is in decaauts)
 A = Elapsed time spent in this place.
 B = Non-inter-level travel time spent in this place.
 C = Inter-level travel time spent in this place.
 D = Time resting spent in this place.
 E = Time spent auto-exploring this place.
 F = Levels seen in this place.
 G = Mean time per level.
                   A        B        C        D        E       F      G
               +--------+--------+--------+--------+--------+-----+--------+
         Total |   2346 |   2293 |     53 |    461 |   1354 |   3 |  782.0 |
       Dungeon |   2346 |   2293 |     53 |    461 |   1354 |   3 |  782.0 |
               +--------+--------+--------+--------+--------+-----+--------+

Top non-repeatable levels by time:
     D:1: 1180 daAuts
     D:2: 1099 daAuts
     D:3: 65 daAuts
